 Dungeon Crawl Stone Soup version 0.24-a0-582-g4d4af813a0 (webtiles) character file.

Game seed: 7916816210356162118

14 ElectroBlueGuy the Chiller (level 2, 0/20 HPs)
             Began as a Formicid Ice Elementalist on Aug 27, 2019.
             Slain by a bat (1 damage)
             ... on level 1 of the Dungeon.
             The game lasted 00:05:00 (537 turns).

ElectroBlueGuy the Chiller (FoIE)                    Turns: 537, Time: 00:05:01

Health: 0/20       AC:  2    Str: 12    XL:     2   Next: 55%
Magic:  5/5        EV: 12    Int: 14    God:
Gold:   11         SH:  0    Dex: 11    Spells: 4/5 levels left

rFire    . . .     SeeInvis +   b - +0 whip
rCold    . . .     Gourm    .   (no shield)
rNeg     . . .     Faith    .   a - +0 robe
rPois    .         Spirit   .   (helmet unavailable)
rElec    .         Reflect  .   (no cloak)
rCorr    .         Harm     .   (no gloves)
MR       .....                  (no boots)
Stlth    ++........             (no amulet)
HPRegen  0.06/turn              (no ring)
MPRegen  0.09/turn              (no ring)

@: no status effects
A: permanent stasis, dig shafts and tunnels, four strong arms, antennae 3
a: Dig, Shaft Self


You were on level 1 of the Dungeon.
You were very hungry.

You visited 1 branch of the dungeon, and saw 1 of its levels.

You collected 11 gold pieces.

Inventory:

Hand Weapons
 b - a +0 whip (weapon)
Armour
 a - a +0 robe (worn)
Comestibles
 c - a ration
 d - 2 chunks of flesh


   Skills:
 * Level 0.4 Fighting
 + Level 2.0 Dodging
 + Level 2.7 Stealth
 + Level 0.2 Unarmed Combat
 + Level 2.3 Spellcasting
   Level 0.8 Conjurations
 + Level 3.1 Ice Magic


You had 4 spell levels left.
You knew the following spells:

 Your Spells              Type           Power        Failure   Level  Hunger
a - Freeze                Ice            ##..         6%          1    #......

Your spell library contained the following spells:

 Spells                   Type           Power        Failure   Level  Hunger
 Throw Frost              Conj/Ice       #.....       16%         2    ###....
 Ozocubu's Armour         Chrm/Ice       #.......     36%         3    ###....
 Throw Icicle             Conj/Ice       #.......     69%         4    #####..
 Summon Ice Beast         Ice/Summ       #.......     77%         4    #####..


Dungeon Overview and Level Annotations

Branches:
Dungeon (1/15)

Altars:


Innate Abilities, Weirdness & Mutations

You cannot be hasted, slowed, berserked, paralysed or teleported.
You can dig through walls and to a lower floor.
Your four strong arms can wield two-handed weapons with a shield.
You have a pair of large antennae on your head. (SInv)


Message History

You barely miss the bat. The bat hits you.
* * * LOW HITPOINT WARNING * * *
The bat closely misses you. The bat hits you but does no damage.
The bat hits you but does no damage. The bat barely misses you.
You miss the bat. The bat closely misses you.
You closely miss the bat. The bat misses you.
The bat hits you but does no damage.
You miss the bat. The bat completely misses you.
The bat hits you but does no damage. The bat hits you.
* * * LOW HITPOINT WARNING * * *
You closely miss the bat. The bat hits you but does no damage.
You closely miss the bat. The bat closely misses you. The bat misses you.
You closely miss the bat. The bat hits you.
* * * LOW HITPOINT WARNING * * *
The bat closely misses you. The bat hits you.
You die...

#####
##########..#####.#
#.#.#
...................
.#.#
...................
#.#
...........).......
<#.#
...................
#.#.#
...................
#.##
...................
#.#
....................
##
.........@b..........
......)..............
.....................
..........$..........
.....................
.....................
.....................
.....?....)..........
...................


You could see a bat.

Vanquished Creatures
  2 leopard geckos (D:1)
  A bat (D:1)
  A giant cockroach (D:1)
  3 goblins (D:1)
  A hobgoblin (D:1)
  A frilled lizard (D:1)
  2 rats (D:1)
11 creatures vanquished.

Notes
Turn   | Place    | Note
-------+----------+-------------------------------------------
     0 | D:1      | ElectroBlueGuy the Formicid Ice Elementalist began the
                  | quest for the Orb.
     0 | D:1      | Reached XP level 1. HP: 13/13 MP: 3/3
   444 | D:1      | Reached XP level 2. HP: 17/19 MP: 5/5
   534 | D:1      | HP: 1/20 [bat (1)]
   537 | D:1      | Slain by a bat

Levels and vault maps discovered:
D:1:      lightli_arrival_chessboard, layout_loops_ring, wad_floor_pattern_1,
          minmay_misc_feat_more_columns, st_stairs_1, chequers_avenue

Skill      XL: |  1  2 |
---------------+-------+-----
Dodging        | 2 |  2.0
Fighting       | |  0.4
Stealth        | |  2.7
Unarmed Combat | |  0.2
Spellcasting   | |  2.3
Conjurations   | |  0.8
Ice Magic      | |  3.1

Action                   || total
-------------------------++-------
Melee: Unarmed           ||    15
       Whip              ||    34
 Cast: Freeze            ||     6
 Abil: Dig               ||     4
Armor: Robe              ||    20
Dodge: Dodged            ||    53

Table legend:
 A = Non-vault XP
 B = Vault XP
 C = Vault XP percentage of total XP
 D = Non-vault monster count
 E = Vault monster count
 F = Vault count percentage of total count
                 A         B        C        D         E       F
            +---------+---------+-------+---------+---------+-------
      Total |      20 |       0 |   0.0 |      11 |       0 |   0.0
            +---------+---------+-------+---------+---------+-------
        D:1 |      20 |       0 |   0.0 |      11 |       0 |   0.0
            +---------+---------+-------+---------+---------+-------
